[Event "Team 45 45 League T32"]
[Site "Internet Chess Club"]
[Date "2007.01.20"]
[Round "1"]
[White "gracey"]
[Black "nardz"]
[Result "1/2-1/2"]
[WhiteElo "2117"]
[BlackElo "2167"]
[ECO "D10"]
[TimeControl "2700+45"]

1. c4 c6 2. d4 d5 3. Bf4 Nf6 4. e3 Bf5 5. Nc3 e6 6. Qb3 Qb6 7. Qxb6 axb6 8. cxd5
exd5 9. O-O-O b5 10. Bd3 Bxd3 11. Rxd3 Nbd7 12. Kb1 b4 13. Nce2 Be7 14. Ng3 Ne4
15. Nxe4 dxe4 16. Rd1 Nb6 17. f3 f5 18. Ne2 exf3 19. gxf3 Nd5 20. Rhg1 Bf6 21.
e4 Nxf4 22. Nxf4 fxe4 23. fxe4 g6 24. Rgf1 O-O 25. Ne6 Rf7 26. Nc5 b6 27. Nd7
Rxd7 28. Rxf6 Rc8 29. Kc2 Rcd8 30. Rxc6 Rxd4 31. Rxd4 Rxd4 32. Rc8+ Kg7 {Game
drawn by mutual agreement} 1/2-1/2

[Event "Team 45 45 League T32"]
[Site "Internet Chess Club"]
[Date "2007.01.19"]
[Round "1"]
[White "SpikeyJ"]
[Black "Ser-Enigma"]
[Result "1-0"]
[WhiteElo "2050"]
[BlackElo "2058"]
[ECO "A20"]
[TimeControl "2700+45"]

1. c4 e5 2. g3 Nf6 3. Bg2 Nc6 4. Nc3 Bb4 5. Nd5 Bc5 6. e3 O-O 7. Ne2 a5 8. O-O
d6 9. h3 Nxd5 10. cxd5 Nb4 11. d3 Bf5 12. e4 Bd7 13. a3 Na6 14. d4 exd4 15. Nxd4
Qf6 16. Be3 Rae8 17. Re1 Qg6 18. Rc1 Rxe4 19. Bxe4 Qxe4 20. Qf3 Qxf3 21. Nxf3
Bxe3 22. Rxe3 Bxh3 23. Rce1 h6 24. Nd4 Bd7 25. Re7 Rd8 26. f3 Kf8 27. Kf2 Nc5
28. R7e3 a4 29. b4 axb3 30. Nxb3 Re8 31. Rxe8+ Bxe8 32. Rb1 Na4 33. Nd4 Nb6 34.
Ke2 Bd7 35. Rb2 Ke7 36. Nc2 Nxd5 37. Rxb7 Bc6 38. Rb3 Ba4 39. Rb2 c5 40. Ne3
Nxe3 41. Kxe3 Bc6 42. Rb6 Kd7 43. Ra6 Kc7 44. Ra7+ Bb7 45. Ra4 d5 46. Rh4 Kd6
47. f4 d4+ 48. Kd3 Ba6+ 49. Ke4 d3 50. Rh5 c4 51. Kd4 Bb7 52. Kc3 Bc6 53. Ra5 f6
54. Kd2 g5 55. fxg5 hxg5 56. Rf5 Ke6 57. Rc5 Bd5 58. a4 Ke5 59. a5 Kd6 60. Rc8
Bb7 61. Rxc4 f5 62. Rd4+ Kc5 63. Kxd3 Kb5 64. Rd7 Be4+ 65. Ke3 Kxa5 66. Rg7 g4
67. Kf4 Kb5 68. Rg5 Bf3 69. Rxf5+ Kc6 70. Rg5 Kd6 71. Rxg4 Bxg4 72. Kxg4 Ke6 73.
Kg5 Kf7 74. Kh6 Kg8 75. Kg6 Kh8 76. g4 Kg8 77. g5 Kh8 78. Kf7 Kh7 79. g6+ Kh6
80. g7 {Black resigns} 1-0

[Event "Team 45 45 League T32"]
[Site "Internet Chess Club"]
[Date "2007.01.22"]
[Round "1"]
[White "Milo"]
[Black "f5"]
[Result "1-0"]
[WhiteElo "2452"]
[BlackElo "2257"]
[ECO "C22"]
[TimeControl "2700+45"]

1. e4 e5 2. d4 exd4 3. Qxd4 Nc6 4. Qe3 Nf6 5. Bd2 Be7 6. Nc3 d6 7. O-O-O O-O 8.
Qg3 Kh8 9. f4 Bg4 10. Nf3 Qc8 11. h3 Bxf3 12. Qxf3 Nd7 13. g4 Nb6 14. Nd5 Re8
15. Bd3 Bf8 16. g5 Nd4 17. Qh5 c5 18. Qxf7 Nxd5 19. Qxd5 a6 20. Bc3 Nb5 21. Bc4
Be7 22. Bxg7+ Kxg7 23. Qf7+ Kh8 24. g6 hxg6 25. Qxg6 {Black resigns} 1-0

[Event "Team 45 45 League T32"]
[Site "Internet Chess Club"]
[Date "2007.01.21"]
[Round "1"]
[White "trevor21"]
[Black "jpitt"]
[Result "1/2-1/2"]
[WhiteElo "2153"]
[BlackElo "2374"]
[ECO "E81"]
[TimeControl "2700+45"]

1. d4 Nf6 2. c4 g6 3. Nc3 Bg7 4. e4 d6 5. f3 O-O 6. Be3 c5 7. d5 e6 8. Nge2 exd5
9. cxd5 Nbd7 10. Ng3 h5 11. Be2 Nh7 12. O-O a6 13. a4 h4 14. Nh1 f5 15. Qd2 Qf6
16. exf5 gxf5 17. f4 Qh6 18. Nf2 Re8 19. Rad1 Ndf6 20. Nh3 Ng4 21. Bxg4 fxg4 22.
Ng5 Bf5 23. a5 g3 24. Ne6 h3 25. gxh3 Qxh3 26. Qg2 gxh2+ 27. Kf2 Bxe6 28. dxe6
Qxg2+ 29. Kxg2 Rxe6 30. Bf2 Rf8 31. Bg3 Bd4 32. Bxh2 Kf7 33. f5 Rg8+ 34. Kh1 Rh6
35. Ne4 d5 36. Nd6+ Kf6 37. Rde1 Ng5 38. Ne8+ Kf7 39. Nd6+ Rxd6 40. Bxd6 Ne4 41.
Bf4 Nf2+ 42. Kh2 Nd3 43. Re6 c4 44. Bd6 Re8 45. Rxe8 Kxe8 46. Kg3 Bxb2 47. Kf3
c3 48. Ke3 c2 49. Kxd3 c1=Q 50. Rxc1 Bxc1 51. Kd4 Bd2 52. Kxd5 Bxa5 53. Ke6 Bd8
54. f6 Bxf6 55. Kxf6 Kd7 56. Ke5 Kc6 57. Bf8 Kb5 58. Kd4 Ka4 59. Kc3 b5 60. Kb2
b4 61. Bxb4 Kxb4 62. Ka2 a5 63. Kb2 a4 64. Ka2 a3 65. Ka1 Kb3 66. Kb1 a2+ 67.
Ka1 Ka3 {White stalemated} 1/2-1/2

[Event "Team 45 45 League T32"]
[Site "Internet Chess Club"]
[Date "2007.01.19"]
[Round "1"]
[White "Mamosta"]
[Black "Kolibri"]
[Result "1-0"]
[WhiteElo "2231"]
[BlackElo "2060"]
[ECO "B62"]
[TimeControl "2700+45"]

1. e4 c5 2. Nf3 d6 3. d4 cxd4 4. Nxd4 Nf6 5. Nc3 Nc6 6. Bg5 e6 7. Bb5 Bd7 8.
Bxc6 bxc6 9. Qf3 e5 10. Nf5 Bxf5 11. Qxf5 Be7 12. O-O-O Qd7 13. Qf3 O-O 14. h3
Rfd8 15. Rd3 Rab8 16. Rhd1 Qb7 17. b3 Qb4 18. R1d2 d5 19. Bxf6 Bxf6 20. exd5 Bg5
21. dxc6 Bxd2+ 22. Kxd2 Rxd3+ 23. Qxd3 Qb6 24. Nd5 Qxf2+ 25. Kc1 Qc5 26. b4 Qd6
27. c7 Re8 28. Qb5 {Black resigns} 1-0

[Event "Team 45 45 League T32"]
[Site "Internet Chess Club"]
[Date "2007.01.19"]
[Round "1"]
[White "Vitruvian"]
[Black "mint-tea"]
[Result "0-1"]
[WhiteElo "1898"]
[BlackElo "1771"]
[ECO "C24"]
[TimeControl "2700+45"]

1. e4 e5 2. Bc4 Nf6 3. d3 Nc6 4. c3 d5 5. exd5 Nxd5 6. Nf3 Be7 7. O-O O-O 8. Re1
Bg4 9. Nbd2 Nf4 10. h3 Bh5 11. Qc2 Kh8 12. Nxe5 Nxe5 13. Rxe5 Bd6 14. Re3 Qg5
15. g3 Nxh3+ 16. Kf1 f5 17. Nf3 Bxf3 18. Rxf3 Qh5 19. Kg2 f4 20. gxf4 Bxf4 21.
Rxh3 Qg4+ 22. Rg3 Bxg3 23. fxg3 Rf3 24. Bf4 Rxf4 25. Rh1 Qf3+ 26. Kh2 Rf6 27.
Qg2 Rh6+ 28. Kg1 Qd1+ {White resigns} 0-1

[Event "Team 45 45 League T32"]
[Site "Internet Chess Club"]
[Date "2007.01.23"]
[Round "1"]
[White "joonho"]
[Black "DaveTheRook"]
[Result "1-0"]
[WhiteElo "1774"]
[BlackElo "1670"]
[ECO "D00"]
[TimeControl "2700+45"]

1. d4 d5 2. e3 Nf6 3. Bd3 c5 4. c3 c4 5. Bc2 Nc6 6. Nf3 Bg4 7. Nbd2 e6 8. e4 Be7
9. h3 Bh5 10. b3 cxb3 11. axb3 dxe4 12. Nxe4 O-O 13. Ng3 Bg6 14. Bxg6 hxg6 15.
Bg5 Re8 16. O-O a6 17. Qd3 Rc8 18. Rfe1 Qc7 19. c4 Bb4 20. Re2 Nh7 21. Bh4 Qf4
22. Ne4 Qc7 23. d5 exd5 24. cxd5 Ne5 25. Nxe5 Qxe5 26. Nf6+ gxf6 27. Rxe5 Rxe5
28. d6 Ng5 29. d7 Rd8 30. f4 Bc5+ 31. Kh2 Re3 32. Qd5 Ne4 33. Bxf6 Nxf6 34. Qxc5
Rxb3 35. Qc8 {Black resigns} 1-0

[Event "Team 45 45 League T32"]
[Site "Internet Chess Club"]
[Date "2007.01.20"]
[Round "1"]
[White "boozehound"]
[Black "OldBoy"]
[Result "1-0"]
[WhiteElo "1802"]
[BlackElo "1461"]
[ECO "C50"]
[TimeControl "2700+45"]

1. e4 e5 2. Nf3 Nc6 3. Bc4 Be7 4. O-O d6 5. h3 Nf6 6. d3 Na5 7. Nbd2 O-O 8. Nh2
Nxc4 9. Nxc4 Be6 10. Ne3 Qd7 11. f4 exf4 12. Rxf4 h6 13. Nf5 Bxf5 14. Rxf5 d5
15. Qf3 dxe4 16. dxe4 Rad8 17. Be3 b6 18. Rf1 Qe6 19. Ng4 Nxe4 20. Re5 {Black
resigns} 1-0

[Event "Team 45 45 League T32"]
[Site "Internet Chess Club"]
[Date "2007.01.20"]
[Round "1"]
[White "allanchs"]
[Black "Kingofknights"]
[Result "0-1"]
[WhiteElo "1560"]
[BlackElo "1704"]
[ECO "B11"]
[TimeControl "2700+45"]

1. e4 c6 2. Nc3 d5 3. Nf3 Bg4 4. h3 Bh5 5. g4 Bg6 6. exd5 cxd5 7. Bb5+ Nc6 8.
Ne5 Qd6 9. d4 a6 10. Nxg6 hxg6 11. Be2 Nf6 12. Be3 e6 13. a3 Be7 14. Qd2 b5 15.
Bf4 Qd8 16. Bf3 Qb6 17. Be3 Rc8 18. Bg2 Na5 19. O-O Nc4 20. Qc1 Nxe3 21. Qxe3
Bd6 22. g5 Nh5 23. Nxd5 Qb8 24. Nc3 Bh2+ 25. Kh1 Nf4 26. Qf3 Nxg2 27. Qxg2 Bf4
28. Rad1 Rc4 29. Rd3 Rh5 30. Ne4 Rxc2 31. b4 Qc7 32. Qg4 Bc1 33. Kg2 Qc6 34. Kg1
Qd5 35. h4 Rc4 36. Nd2 Bxd2 37. Rxd2 Rc3 38. Rb1 Qf5 39. Qg2 Qxb1+ {White
resigns} 0-1

[Event "Team 45 45 League T32"]
[Site "Internet Chess Club"]
[Date "2007.01.21"]
[Round "1"]
[White "NiteSeer"]
[Black "Berkshires"]
[Result "0-1"]
[WhiteElo "1386"]
[BlackElo "1482"]
[ECO "D30"]
[TimeControl "2700+45"]

1. d4 d5 2. c4 e6 3. Nf3 Nc6 4. e3 Bb4+ 5. Nc3 Nf6 6. Bd2 O-O 7. a3 Bxc3 8. Bxc3
Ne4 9. Qc2 b6 10. Bd3 f5 11. cxd5 exd5 12. Bxe4 fxe4 13. Ne5 Nxe5 14. dxe5 Qg5
15. g3 Bg4 16. h4 Qf5 17. Rh2 Bf3 18. Qd2 c6 19. Qd4 Qe6 20. b4 b5 21. a4 a6 22.
a5 Rf5 23. Kd2 Rff8 24. Rg1 Bh5 25. Kc1 Rac8 26. Kb2 Rc7 27. Rc1 Rcf7 28. Rc2
Bf3 29. Rd2 Rc8 30. Qb6 Ra8 31. Qd4 Rc7 32. Rc2 Qc8 33. e6 Qxe6 34. h5 h6 35.
Rh4 Rf8 36. Rc1 Bg4 37. Rg1 Rxf2+ 38. Ka3 Qd7 39. Qb6 Be6 40. g4 d4 41. exd4
Ra2# {White checkmated} 0-1

[Event "Team 45 45 League T32"]
[Site "Internet Chess Club"]
[Date "2007.01.21"]
[Round "1"]
[White "gartman"]
[Black "bmw2002"]
[Result "0-1"]
[WhiteElo "1711"]
[BlackElo "1694"]
[ECO "B18"]
[TimeControl "2700+45"]

1. e4 c6 2. d4 d5 3. Nc3 dxe4 4. Nxe4 Bf5 5. Ng3 Bg6 6. Nf3 Nd7 7. h4 h6 8. h5
Bh7 9. Bd3 Bxd3 10. Qxd3 Ngf6 11. Bd2 e6 12. O-O-O Be7 13. Ne4 O-O 14. g4 Nxg4
15. Rdg1 f5 16. Rxg4 fxg4 17. Ne5 Nxe5 18. dxe5 Qxd3 19. cxd3 Rf3 20. Kc2 Rd8
21. Be3 b6 22. Rg1 Kf7 23. Rxg4 Rd5 24. Nc3 Rxe5 25. Ra4 Ra5 26. Rxa5 bxa5 27.
Bxa7 Rf5 28. Kb3 Rxh5 29. Ka4 Rf5 30. Bb6 h5 31. Bxa5 Rxf2 32. b4 h4 33. Bb6 Rf3
34. Kb3 Bd6 35. a4 h3 36. Bg1 Rxd3 37. Kc4 Rf3 38. Ne4 Rf4 39. Kd3 Bxb4 40. Ng5+
Kf6 41. Ne4+ Kf5 42. Ng3+ Kg4 43. Ne2 Rf3+ 44. Ke4 Ra3 {White resigns} 0-1

[Event "Team 45 45 League T32"]
[Site "Internet Chess Club"]
[Date "2007.01.22"]
[Round "1"]
[White "BrerRabbit"]
[Black "Fegary"]
[Result "0-1"]
[WhiteElo "1473"]
[BlackElo "1723"]
[ECO "E92"]
[TimeControl "2700+45"]

1. d4 d6 2. c4 Nf6 3. Nc3 g6 4. e4 Bg7 5. Nf3 O-O 6. Be2 e5 7. d5 a5 8. Bg5 h6
9. Bh4 Na6 10. O-O Qe8 11. Nd2 Bd7 12. h3 Nh7 13. Bg4 Bxg4 14. hxg4 Qd7 15. f3
Bf6 16. Bxf6 Nxf6 17. a3 Kg7 18. Rb1 c6 19. Nb3 Nc7 20. Na1 cxd5 21. Nxd5 Ncxd5
22. cxd5 Qb5 23. Qb3 Qc5+ 24. Kh2 Qa7 25. Nc2 h5 26. gxh5 Nxh5 27. Ne3 Rh8 28.
Nc4 Nf4+ 29. Kg3 Ne2+ 30. Kg4 f5+ 31. exf5 gxf5+ 32. Kg5 Qb8 33. Qd1 Qe8 34.
Nxe5 Qh5# {White checkmated} 0-1

[Event "Team 45 45 League T32"]
[Site "Internet Chess Club"]
[Date "2007.01.21"]
[Round "1"]
[White "mogwop"]
[Black "Katie"]
[Result "1/2-1/2"]
[WhiteElo "1608"]
[BlackElo "1559"]
[ECO "D04"]
[TimeControl "2700+45"]

1. d4 d5 2. Nf3 Nf6 3. e3 Bf5 4. Bd3 Bxd3 5. Qxd3 e6 6. Nbd2 Bd6 7. O-O O-O 8.
e4 Be7 9. e5 Nfd7 10. a3 c5 11. c3 Nc6 12. Re1 Re8 13. Nf1 Rc8 14. Be3 Qb6 15.
Rab1 a6 16. h3 Qa7 17. Red1 cxd4 18. cxd4 Nb6 19. N1d2 Red8 20. Rdc1 Nd7 21. Rc3
Qb8 22. Rbc1 f6 23. exf6 Nxf6 24. Ng5 Qd6 25. Ngf3 Rf8 26. Bg5 Rce8 27. Re1 Bd8
28. Bh4 h6 29. Bg3 Qd7 30. Ne5 Nxe5 31. Bxe5 Qf7 32. Bd6 Ne4 33. Nxe4 dxe4 34.
Qxe4 Qxf2+ 35. Kh1 Ba5 36. b4 Bb6 37. Bxf8 Qxf8 38. Rf3 Qd6 39. d5 Bc7 40. g3 e5
41. Ref1 Qd7 42. Qc4 Qxh3+ 43. Kg1 Bb6+ 44. R1f2 Kh8 45. Qf1 Bxf2+ 46. Qxf2 Rc8
47. Rf8+ Rxf8 48. Qxf8+ Kh7 49. Qf3 Qd7 50. Qe4+ Kg8 51. Qxe5 Qd8 52. Qe6+ Kf8
53. d6 h5 54. Kg2 b6 55. d7 Qe7 56. Qxb6 Qxd7 57. Qxa6 Qd5+ 58. Kh2 Qd2+ 59. Kh3
Qg5 60. Qc8+ Kf7 61. Qd7+ Kg8 62. Qe8+ Kh7 63. Qe4+ Kh8 64. a4 Qf6 65. a5 g5 66.
Qe8+ Kg7 67. Qxh5 Qf1+ 68. Kh2 Qf2+ 69. Kh3 Qf1+ 70. Kg4 Qd1+ 71. Kxg5 Qd5+ 72.
Kg4 Qd1+ 73. Kh4 Qh1+ 74. Kg4 Qd1+ 75. Kg5 Qd5+ 76. Kh4 Qh1+ 77. Kg4 Qd1+ {Game
drawn by repetition} 1/2-1/2

[Event "Team 45 45 League T32"]
[Site "Internet Chess Club"]
[Date "2007.01.20"]
[Round "1"]
[White "houseofcook"]
[Black "lw"]
[Result "1/2-1/2"]
[WhiteElo "1393"]
[BlackElo "1534"]
[ECO "B06"]
[TimeControl "2700+45"]

1. e4 g6 2. d4 d6 3. Nc3 c6 4. g3 d5 5. e5 e6 6. Bg2 a5 7. a3 Nd7 8. Nge2 b5 9.
Bd2 b4 10. Na4 Nb6 11. Nxb6 Qxb6 12. a4 Ba6 13. Be3 Ne7 14. O-O Nf5 15. Qd2 b3
16. c3 h5 17. Bg5 Bh6 18. Rfe1 c5 19. Bxh6 Nxh6 20. Rac1 Bxe2 21. Rxe2 c4 22.
Qg5 Qd8 23. Qxd8+ Rxd8 24. h3 Nf5 25. h4 Ke7 26. Bh3 Rdg8 27. Bxf5 gxf5 28. Re3
f4 29. Rf3 fxg3 30. fxg3 Rg7 31. Kh2 Rf8 32. Rcf1 Rg4 33. Rf6 Re4 34. Kg2 Re2+
35. R6f2 Rxf2+ 36. Rxf2 f5 37. exf6+ Rxf6 38. Re2 Rg6 39. Re5 Rh6 40. Re2 Kf6
41. Re5 Kg7 42. Rg5+ Kf7 43. Re5 Rh8 44. Kh3 Kf6 45. Rg5 Kf7 46. Kg2 Rh6 47. Re5
{Game drawn by mutual agreement} 1/2-1/2

[Event "Team 45 45 League T32"]
[Site "Internet Chess Club"]
[Date "2007.01.19"]
[Round "1"]
[White "corsair"]
[Black "Avedldesierto"]
[Result "1/2-1/2"]
[WhiteElo "1788"]
[BlackElo "1668"]
[ECO "A17"]
[TimeControl "2700+45"]

1. c4 Nf6 2. Nc3 e6 3. g3 Nc6 4. Bg2 Be7 5. Nf3 O-O 6. O-O d5 7. cxd5 Nxd5 8. d3
h6 9. a3 Bf6 10. Qc2 Nd4 11. Nxd4 Bxd4 12. Bd2 c6 13. e3 Bf6 14. d4 Re8 15. Rfd1
Nxc3 16. bxc3 e5 17. Rab1 exd4 18. cxd4 Qc7 19. Rdc1 Be6 20. d5 Bd7 21. dxc6
bxc6 22. Bxc6 Rac8 23. Bxd7 Qxd7 24. Qa2 Rcd8 25. Ba5 Qd5 26. Qxd5 Rxd5 27. Bb4
a5 28. Be1 Rd3 29. Bxa5 Rxa3 30. Bb4 Ra4 31. Bc3 Bxc3 32. Rxc3 Rea8 33. Rb7 R4a7
34. Rcc7 Rxb7 35. Rxb7 g6 36. Kg2 Kg7 37. Kf3 Kf6 38. Kf4 Ra4+ 39. e4 g5+ 40.
Kf3 Ra3+ 41. Kg2 Ke6 42. Rb6+ Ke5 43. Rxh6 Kxe4 44. Rf6 Ra7 45. g4 Ke5 46. Rf5+
Ke4 47. Rxg5 Kf4 48. Rg7 Ke5 49. Rg5+ Kf4 50. Rf5+ Kxg4 51. Rf6 Kg5 52. Rf3 f5
53. Rg3+ Kh6 54. Kf3 Ra4 55. h3 Kh5 56. Kg2 Kh4 57. Rg8 Ra3 58. Rf8 Kg5 59. f3
Kf4 60. h4 Ra2+ 61. Kh3 Ra3 62. Rg8 Rxf3+ 63. Kg2 Rb3 64. h5 Rb7 65. h6 Rh7 66.
Rg6 Ke4 67. Kh3 f4 68. Kh4 Kf5 69. Kh5 Rf7 70. Rg5+ Kf6 71. Kg4 f3 {Game drawn
by mutual agreement} 1/2-1/2

[Event "Team 45 45 League T32"]
[Site "Internet Chess Club"]
[Date "2007.01.19"]
[Round "1"]
[White "kamu"]
[Black "sean98"]
[Result "1-0"]
[WhiteElo "1727"]
[BlackElo "1562"]
[ECO "D32"]
[TimeControl "2700+45"]

1. d4 d5 2. c4 e6 3. Nc3 c5 4. cxd5 exd5 5. Nf3 Nc6 6. Bf4 Nf6 7. e3 cxd4 8.
Nxd4 Bb4 9. Bb5 Qb6 10. Qb3 Bd7 11. Nxc6 Bxc3+ 12. Qxc3 Qxb5 13. Nd4 Qa6 14. Qb4
Rc8 15. f3 b6 16. Qd6 Qc4 17. Bg5 Qd3 18. Qe5+ Be6 19. Nxe6 fxe6 20. Qxe6+ Kd8
21. Rd1 Qb5 22. Rxd5+ {Black resigns} 1-0

[Event "Team 45 45 League T32"]
[Site "Internet Chess Club"]
[Date "2007.01.21"]
[Round "1"]
[White "matthewc"]
[Black "stakastra"]
[Result "1/2-1/2"]
[WhiteElo "1462"]
[BlackElo "1604"]
[ECO "D02"]
[TimeControl "2700+45"]

1. d4 d5 2. Nf3 e6 3. e3 a6 4. Bd3 Nf6 5. Nbd2 Be7 6. b3 O-O 7. O-O h6 8. Bb2 c5
9. c4 Nc6 10. cxd5 exd5 11. h3 cxd4 12. Nxd4 Nxd4 13. Bxd4 Be6 14. Qf3 Nh7 15.
a3 Bf6 16. Bxh7+ Kxh7 17. Bxf6 Qxf6 18. Qxf6 gxf6 19. b4 Rad8 20. Nf3 Rg8 21.
Kh2 b5 22. Rac1 Ra8 23. Rc7 a5 24. Nd4 Kg6 25. Nxb5 axb4 26. axb4 Rab8 27. Nd4
Rxb4 28. f4 f5 29. Rf3 Kf6 30. Nxe6 fxe6 31. Rh7 Rg6 32. Rg3 Rb3 33. Rf3 Rb2 34.
Rg3 Rb3 35. Rf3 Rb2 36. Rg3 Re2 37. Rh8 Rxg3 38. Kxg3 Rxe3+ 39. Kf2 Re4 40. Kf3
Kg7 41. Rd8 d4 42. g4 Re3+ 43. Kg2 Re4 44. Kf3 Re3+ 45. Kg2 d3 46. gxf5 exf5 47.
h4 Kg6 48. Rd5 Kh5 49. Rxf5+ Kxh4 50. Rd5 Kg4 51. Rd4 Kf5 52. Kf2 Re4 53. Rxd3
Rxf4+ 54. Kg2 h5 55. Rf3 Kg5 56. Rxf4 Kxf4 57. Kh3 Kg5 58. Kg3 {Game drawn by
mutual agreement} 1/2-1/2

[Event "Team 45 45 League T32"]
[Site "Internet Chess Club"]
[Date "2007.01.21"]
[Round "1"]
[White "peterdiplaros"]
[Black "kingphisch"]
[Result "1-0"]
[WhiteElo "1528"]
[BlackElo "1554"]
[ECO "A40"]
[TimeControl "2700+45"]

1. d4 c6 2. e3 d5 3. Bd3 Nf6 4. Nd2 Nbd7 5. f4 e6 6. Ngf3 Be7 7. O-O O-O 8. Ne5
c5 9. c3 a6 10. Qf3 Qc7 11. g4 b5 12. g5 Ne8 13. Bxh7+ Kh8 14. Qh5 Nef6 15. gxf6
Nxf6 16. Nxf7+ Rxf7 17. Qxf7 Nxh7 18. Rf3 Bb7 19. Rg3 Bd8 20. Qg6 Nf6 21. Nf3
Ne4 22. Qe8+ Kh7 23. Rh3+ Bh4 24. Rxh4# {Black checkmated} 1-0

[Event "Team 45 45 League T32"]
[Site "Internet Chess Club"]
[Date "2007.01.19"]
[Round "1"]
[White "RD1974"]
[Black "DocHoliday"]
[Result "0-1"]
[WhiteElo "1684"]
[BlackElo "1994"]
[ECO "B24"]
[TimeControl "2700+45"]

1. e4 c5 2. Nc3 Nc6 3. d3 g6 4. g3 Bg7 5. Bg2 e6 6. Be3 b6 7. Qd2 Bb7 8. Nf3 Nd4
9. Nd1 Ne7 10. c3 Nxf3+ 11. Bxf3 d5 12. exd5 Bxd5 13. Bxd5 Qxd5 14. O-O Rd8 15.
Bh6 Bxh6 16. Qxh6 Nf5 17. Qf4 Qxd3 18. Re1 Qd2 19. Ne3 Nxe3 20. Rxe3 O-O 21. b3
Qb2 22. Ree1 Qxc3 23. Qc7 Rd2 24. Qf4 Rxa2 25. Rxa2 Qxe1+ 26. Kg2 Qc3 27. Rxa7
Qxb3 28. Qc7 Qd5+ 29. Kg1 Qd8 30. Qc6 Qd1+ 31. Kg2 Qd5+ 32. Qxd5 exd5 33. Rb7 c4
34. Rxb6 c3 35. Rc6 d4 36. Kf1 Re8 37. Rc4 d3 38. Rxc3 d2 {White resigns} 0-1

[Event "Team 45 45 League T32"]
[Site "Internet Chess Club"]
[Date "2007.01.18"]
[Round "1"]
[White "AntonioMendonca"]
[Black "Aquaman"]
[Result "1-0"]
[WhiteElo "1471"]
[BlackElo "1510"]
[ECO "A22"]
[TimeControl "2700+45"]

1. c4 e5 2. Nc3 Nf6 3. g3 Bb4 4. Bg2 Nc6 5. a3 Bxc3 6. bxc3 O-O 7. Nf3 e4 8. Nd4
Na5 9. Qa4 b6 10. O-O Bb7 11. Nb3 Bc6 12. Qb4 Nb7 13. Nd4 a5 14. Nxc6 dxc6 15.
Qa4 c5 16. Qc6 Nd6 17. d3 Re8 18. Bg5 Rc8 19. Bh3 Rb8 20. f3 exd3 21. exd3 h6
22. Bxf6 Qxf6 23. Qxc7 Rec8 24. Bxc8 Rxc8 25. Qxb6 Kh7 26. Qxa5 Nf5 27. Rae1 Qg5
28. Rf2 h5 29. f4 Qg4 30. Qa4 Nd6 31. Qd1 Qg6 32. Qf3 f5 33. Qd5 Re8 34. Rxe8
Nxe8 35. Qxc5 Qe6 36. Qe5 Qf7 37. Re2 Nf6 38. Qxf5+ g6 39. Qe6 Qa7+ 40. Kg2 Qb7+
41. Kh3 Qf3 42. Qf7+ Kh6 43. Qf8+ Kh7 44. Re7# {Black checkmated} 1-0

[Event "Team 45 45 League T32"]
[Site "Internet Chess Club"]
[Date "2007.01.20"]
[Round "1"]
[White "Archaeologist"]
[Black "Queen"]
[Result "1-0"]
[WhiteElo "1645"]
[BlackElo "1420"]
[ECO "B33"]
[TimeControl "2700+45"]

1. e4 c5 2. Nf3 Nc6 3. d4 cxd4 4. Nxd4 Nf6 5. Nc3 e5 6. Nf3 Bb4 7. Bd2 Qe7 8.
Qe2 Nd4 9. Nxd4 exd4 10. Nd5 Bxd2+ 11. Kxd2 Nxe4+ 12. Kd1 Qe5 13. Nc7+ Qxc7 14.
Qxe4+ Kf8 15. Qxd4 d6 16. Bd3 Qc5 17. Qh4 Bf5 18. Re1 f6 19. Bxf5 Qxf5 20. Qd4
Qh5+ 21. Kc1 Qxh2 22. g3 Rd8 23. Qe4 Qh6+ 24. f4 Kf7 25. Qxb7+ Kg8 26. Qd5+ Kf8
27. Qe6 Ra8 28. Qxd6+ Kf7 29. Qe6+ Kg6 30. Qe4+ Kf7 31. Rh1 Rae8 32. Qd5+ Kg6
33. Qd3+ Kf7 34. Qd7+ Kf8 35. Rxh6 gxh6 36. Kd2 Re7 37. Qd8+ Re8 38. Qxf6+ Kg8
39. Re1 Rxe1 40. Kxe1 a5 41. c4 h5 42. c5 h6 43. c6 Rh7 44. Qg6+ Rg7 45. Qxg7+
Kxg7 46. c7 h4 47. gxh4 Kg6 48. c8=B Kh5 49. f5 Kxh4 50. f6 Kg5 51. f7 h5 52.
Kf2 h4 53. Kf3 a4 54. a3 h3 55. Bxh3 Kh4 56. f8=R Kg5 57. Bf1 Kg6 58. Kf4 Kg7
59. Rf5 Kg6 60. Kg4 Kg7 61. Kg5 Kg8 62. Kg6 Kh8 63. Rf8# {Black checkmated} 1-0

[Event "Team 45 45 League T32"]
[Site "Internet Chess Club"]
[Date "2007.01.19"]
[Round "1"]
[White "reinaroja"]
[Black "gracey"]
[Result "1/2-1/2"]
[WhiteElo "2162"]
[BlackElo "2115"]
[ECO "C26"]
[TimeControl "2700+45"]

1. e4 e5 2. Nc3 Nf6 3. g3 d5 4. exd5 Nxd5 5. Bg2 Nxc3 6. bxc3 Bd6 7. Nf3 O-O 8.
O-O Nd7 9. d4 exd4 10. cxd4 Re8 11. Bg5 f6 12. Be3 Nb6 13. Qd3 Be6 14. Nd2 Bd5
15. Bh3 Bb4 16. c3 Ba5 17. Rfc1 Bc6 18. c4 Qe7 19. Nb3 Be4 20. Qf1 Bb4 21. c5
Nd5 22. a3 Nxe3 23. fxe3 Bd5 24. Qf2 Qe4 25. Bg2 Qxg2+ 26. Qxg2 Bxg2 27. Kxg2
Rxe3 28. Rcb1 Bc3 29. Ra2 Rae8 30. Kf2 c6 31. Rc2 Kf7 32. a4 b6 33. Kf1 f5 34.
cxb6 axb6 35. Rbc1 Bb4 36. Nd2 Kf8 37. Nc4 Re1+ 38. Rxe1 Rxe1+ 39. Kf2 Re4 40.
Nxb6 Rxd4 41. Rxc6 Rd2+ 42. Kg1 Ra2 43. Nd5 Rxa4 44. Nxb4 Rxb4 45. Rc2 {Game
drawn by mutual agreement} 1/2-1/2

[Event "Team 45 45 League T32"]
[Site "Internet Chess Club"]
[Date "2007.01.17"]
[Round "1"]
[White "Bug"]
[Black "BrunosAces"]
[Result "1-0"]
[WhiteElo "2205"]
[BlackElo "1969"]
[ECO "B23"]
[TimeControl "2700+45"]

1. e4 c5 2. Nc3 Nc6 3. f4 e6 4. Nf3 d6 5. g3 g6 6. d4 cxd4 7. Nxd4 Bg7 8. Ndb5
Bf8 9. a4 a6 10. Na3 Qc7 11. Be3 Nf6 12. Bg2 Be7 13. O-O O-O 14. Qe2 Bd7 15. Nc4
Na5 16. Nb6 Rad8 17. f5 Rfe8 18. fxg6 fxg6 19. Rxf6 Bxf6 20. Nbd5 exd5 21. Nxd5
Qc4 22. Nxf6+ Kg7 23. Nxe8+ Rxe8 24. Qd2 Nc6 25. Qxd6 Qe6 26. Rd1 Re7 27. Qc5 h6
28. Rd6 Qf7 29. Qc3+ Kh7 30. Qd2 Ne5 31. b3 Bh3 32. Qf2 Bxg2 33. Kxg2 Qxf2+ 34.
Bxf2 Ng4 35. Bd4 h5 36. h3 Nh6 37. Kf3 Nf7 38. Rd5 Kh6 39. h4 Kh7 40. Bf6 Rc7
41. c4 Nh6 42. Rd8 Ng8 43. Bd4 Rf7+ 44. Ke3 g5 45. Rd5 Nh6 46. Rxg5 Ng4+ 47. Ke2
Kh6 48. Be3 Nxe3 49. Kxe3 Rf1 50. Kd4 Rb1 51. e5 {Black resigns} 1-0

[Event "Team 45 45 League T32"]
[Site "Internet Chess Club"]
[Date "2007.01.20"]
[Round "1"]
[White "Vitruvian"]
[Black "morgado"]
[Result "0-1"]
[WhiteElo "1883"]
[BlackElo "1926"]
[ECO "B06"]
[TimeControl "2700+45"]

1. e4 g6 2. d4 Bg7 3. c3 d6 4. Bd3 Nf6 5. f4 O-O 6. Nf3 c5 7. dxc5 dxc5 8. O-O
Nc6 9. e5 Ng4 10. Qe2 Qb6 11. Kh1 Nh6 12. Na3 Bf5 13. Bxf5 Nxf5 14. Nc2 e6 15.
Ne3 Nce7 16. Ng5 Qc6 17. Ng4 h5 18. Ne3 Rfd8 19. Nxf5 Nxf5 20. Be3 Bh6 21. Nf3
Qe4 22. Rae1 Qxe3 23. Qxe3 Nxe3 24. Rxe3 Bxf4 25. Re2 Bh6 26. h4 Rd3 27. Ng5
Bxg5 28. hxg5 Rad8 29. Ref2 R8d7 30. Rf3 Kf8 31. R1f2 Rd1+ 32. Kh2 Re1 33. b4
Rxe5 34. Rg3 Red5 35. bxc5 Rxc5 36. Rb2 b6 37. Rb3 Rdd5 38. Ra3 Ra5 {White
resigns} 0-1

[Event "Team 45 45 League T32"]
[Site "Internet Chess Club"]
[Date "2007.01.21"]
[Round "1"]
[White "Allessia"]
[Black "QuietSet"]
[Result "1-0"]
[WhiteElo "2180"]
[BlackElo "1959"]
[ECO "B01"]
[TimeControl "2700+45"]

1. e4 d5 2. Nc3 dxe4 3. Nxe4 Qd5 4. Nc3 Qa5 5. Bc4 Nf6 6. Nf3 Bf5 7. d3 e6 8.
Bd2 c6 9. O-O Be7 10. Qe2 O-O 11. Rfe1 Re8 12. Nh4 Bg4 13. f3 Bh5 14. Nd5 Bc5+
15. Kh1 Qd8 16. Nf4 Nd5 17. Nxh5 Qxh4 18. Ng3 Nd7 19. Bxd5 cxd5 20. f4 Nf6 21.
Nf1 Ng4 22. g3 Qh3 23. Be3 d4 24. Bg1 e5 25. Qf3 Rab8 26. c3 exf4 27. cxd4 Bd6
28. Re4 Rxe4 29. dxe4 fxg3 30. Nxg3 Rc8 31. Rf1 f6 32. Nf5 Qxf3+ 33. Rxf3 Bf8
34. h3 Nh6 35. Nxh6+ gxh6 36. Rxf6 Bg7 37. Rf1 Rc2 38. Rf2 Rc1 39. Rd2 Kf7 40.
Kg2 Bf6 41. e5 Bg5 42. Rf2+ Ke7 43. d5 Be3 44. d6+ Ke6 45. Rf6+ Kxe5 46. Bxe3
Kxf6 47. Bxc1 {Black resigns} 1-0